 Dungeon Crawl Stone Soup version 0.25-a0-413-g3b4b6a4ccc (console) character file.

Game seed: 550523114193310889, levelgen mode: deterministic

1144 Kagalorn the Covert (level 8, -2/57 HPs)
             Began as a Human Assassin on Jan 16, 2020.
             Slain by a killer bee (7 damage)
             ... on level 6 of the Dungeon.
             The game lasted 00:18:22 (6560 turns).

Kagalorn the Covert (Human Assassin)                Turns: 6560, Time: 00:18:22

Health: -2/57      AC:  4    Str: 12    XL:     8   Next: 64%
Magic:  10/10      EV: 12    Int: 16    God:
Gold:   68         SH:  0    Dex: 15    Spells: 7/7 levels left

rFire    . . .     SeeInvis .   a - +3 dagger
rCold    . . .     Gourm    .   (no shield)
rNeg     + . .     Faith    .   i - +0 animal skin of Tenacity {rN+ Int+3 Stlth-} (curse)
rPois    +         Spirit   .   r - +0 helmet
rElec    .         Reflect  .   c - +0 cloak
rCorr    .         Harm     .   (no gloves)
MR       .....                  (no boots)
Stlth    ++++......             p - amulet of rage
HPRegen  0.19/turn              n - ring of poison resistance
MPRegen  0.12/turn              (no ring)

@: no status effects
A: no striking features
a: Evoke Berserk Rage


You were on level 6 of the Dungeon.
You were not hungry.

You visited 1 branch of the dungeon, and saw 6 of its levels.

You collected 230 gold pieces.
You spent 162 gold pieces at shops.

Inventory:

Hand Weapons
 a - a +3 dagger (weapon)
Missiles
 d - 15 poisoned darts (quivered)
 e - 2 curare-tipped darts
 g - 215 stones
Armour
 b - a +0 robe
 c - a +0 cloak (worn)
 i - the cursed +0 animal skin of Tenacity (worn) {rN+ Int+3 Stlth-}
   (You found it on level 4 of the Dungeon)

   It affects your intelligence (+3).
   It protects you from negative energy.
   It makes you less stealthy.
   It has a curse placed upon it.
 m - a +1 robe of cold resistance
 r - a +0 helmet (worn)
Jewellery
 n - a ring of poison resistance (left hand)
 p - an amulet of rage (around neck)
 z - an uncursed ring of protection from fire {unknown}
Scrolls
 k - a scroll of enchant weapon
 q - a scroll of enchant armour {unknown}
 v - a scroll of fear {unknown}
 w - 3 scrolls of teleportation
 x - 2 scrolls of amnesia {unknown}
 y - a scroll of remove curse
Potions
 h - a potion of might
 j - a potion of flight {unknown}
 l - a potion of heal wounds
 s - 3 potions of agility
 t - a potion of brilliance
 u - a potion of cancellation
Comestibles
 f - 8 rations


   Skills:
 * Level 2.5 Fighting
 * Level 2.9 Short Blades
 - Level 2.0 Throwing
 - Level 1.0 Dodging
 - Level 10.3 Stealth
 * Level 2.7 Evocations


You had 7 spell levels left.
You didn't know any spells.
Your spell library contained the following spells:

 Spells                   Type           Power        Failure   Level  Hunger
 Animate Skeleton         Necr           N/A          26%         1    ##.....
 Pain                     Necr           #...         26%         1    ##.....
 Vampiric Draining        Necr           #.........   58%         3    ####...
 Animate Dead             Necr           N/A          94%         4    #####..
 Agony                    Necr           #.......     100%        5    ######.


Dungeon Overview and Level Annotations

Branches:
Dungeon (6/15)
 Temple: D:4-7

Altars:
Elyvilon
Fedhas
Gozag
Hepliaklqana
Okawaru
Qazlal
Trog
Vehumet
Wu Jian
The Shining One

Shops:
D:5 ?

Annotations:
D:2 1 runed translucent door, Crazy Yiuf
D:4 Duvessa


Message History

The poisoned dart misses the killer bee.
The killer bee stings you.
* * * LOW HITPOINT WARNING * * *
The killer bee misses you.
Throwing (i - inventory. (/) - cycle)
d - 17 poisoned darts (quivered)
Press: ? - help, Shift-Dir - straight line, f/p - killer bee
Aim: a killer bee (moderately wounded)
You throw a poisoned dart.
The poisoned dart barely misses the killer bee.
The killer bee stings you.
* * * LOW HITPOINT WARNING * * *
The killer bee stings you.
* * * LOW HITPOINT WARNING * * *
Throwing (i - inventory. (/) - cycle)
d - 16 poisoned darts (quivered)
Press: ? - help, Shift-Dir - straight line, f/p - killer bee
Aim: a killer bee (moderately wounded)
You throw a poisoned dart.
The poisoned dart closely misses the killer bee.
The killer bee stings you!
You die...

## .'. #.# #..# #.. #...#
#... #....### ######...h
##......######@#(#..F#+#
............Fy.#..W..#.#
#.......########)....#.####
#.##....# ###.##.#......
#.....# #...........(.
#..F..# #.##.##.......
#.....# #.............
#####.# #.##.#.#...... #.##
####.#.#......


You could see a bullfrog and a killer bee.

Vanquished Creatures
  Sigmund (D:3)
  An ogre (D:3)
  Dowan (D:4)
  8 killer bees
  A howler monkey (D:3)
  A centaur zombie (D:5)
  4 hounds (D:4)
  An orc priest (D:4)
  A bullfrog skeleton (D:4)
  Jessica (D:3)
  2 worker ants
  2 worker ant zombies (D:5)
  8 adders
  An ooze (D:4)
  2 adder zombies (D:5)
  2 worms
  2 dart slugs
  8 leopard geckos
  4 orcs
  3 giant cockroaches
  8 goblins
  3 hobgoblins (D:3)
  2 ball pythons
  8 bats
  4 frilled lizards
  A jackal skeleton (D:4)
  9 kobolds
  6 rats
95 creatures vanquished.

Notes
Turn   | Place    | Note
-------+----------+-------------------------------------------
     0 | D:1      | Kagalorn the Human Assassin began the quest for the Orb.
     0 | D:1      | Reached XP level 1. HP: 16/16 MP: 1/1
   129 | D:1      | Reached XP level 2. HP: 21/22 MP: 2/2
   679 | D:2      | Reached skill level 5 in Stealth
   679 | D:2      | Reached XP level 3. HP: 27/27 MP: 3/3
   895 | D:2      | Reached XP level 4. HP: 33/33 MP: 4/4
  1153 | D:2      | Found a stormy altar of Qazlal.
  1431 | D:2      | Found a white marble altar of Elyvilon.
  1502 | D:2      | Found a runed translucent door.
  1503 | D:2      | Noticed Crazy Yiuf
  1646 | D:3      | Reached skill level 6 in Stealth
  1725 | D:3      | Noticed Sigmund
  1914 | D:3      | Found a radiant altar of Vehumet.
  1933 | D:3      | Noticed Jessica
  1976 | D:3      | Reached XP level 5. HP: 13/38 MP: 5/5
  2632 | D:3      | Killed Jessica
  2764 | D:4      | Noticed Duvessa
  2764 | D:4      | Noticed Dowan
  2894 | D:4      | Reached skill level 7 in Stealth
  2894 | D:4      | Reached XP level 6. HP: 40/44 MP: 6/6
  3031 | D:4      | Found a blossoming altar of Fedhas.
  3033 | D:4      | Noticed an ogre
  3205 | D:3      | Reached skill level 8 in Stealth
  3547 | D:4      | Reached XP level 7. HP: 50/50 MP: 7/7
  4016 | D:3      | Reached skill level 9 in Stealth
  4546 | D:4      | Found a bloodstained altar of Trog.
  4556 | D:4      | Got a jewelled animal skin
  4606 | D:4      | Found a hazy altar of Hepliaklqana.
  4844 | D:3      | Killed Sigmund
  4844 | D:3      | Reached skill level 10 in Stealth
  4844 | D:3      | Reached XP level 8. HP: 56/56 MP: 8/8
  4894 | D:4      | Reached skill level 1 in Evocations
  5039 | D:4      | Killed Dowan
  5404 | D:5      | Entered Level 5 of the Dungeon
  5447 | D:5      | Found a glowing golden altar of the Shining One.
  5563 | D:5      | Found an iron altar of Okawaru.
  5590 | D:5      | Identified the cursed +0 animal skin of Tenacity {rN+ Int+3
                  | Stlth-} (You found it on level 4 of the Dungeon)
  5628 | D:5      | Found Simeots's Magic Scroll Shoppe.
  5634 | D:5      | Found an opulent altar of Gozag.
  5639 | D:5      | Bought a scroll of blinking for 90 gold pieces
  5639 | D:5      | Bought a scroll of teleportation for 36 gold pieces
  5639 | D:5      | Bought a scroll of teleportation for 36 gold pieces
  6381 | D:6      | Found an ornate altar of the Wu Jian Council.
  6560 | D:6      | Slain by a killer bee

Levels and vault maps discovered:
D:1:      giann_bridges, layout_basic
D:2:      minmay_spotlight, layout_rooms, lemuel_doored_altar, elyvilon_altar_3,
          uniq_crazy_yiuf_cottage
D:3:      layout_loops_ring, lemuel_round_altar, uniq_sigmund, uniq_jessica
D:4:      layout_rooms, bloody_trog, fedhas_altar_2, lemuel_round_altar,
          uniq_duvessa
D:5:      layout_rooms, old_standard_altar, nicolae_tso_swordbearing_angel,
          nicolae_gozag_cash_rules_everything_around_me, first_ration,
          serial_shops, shop
D:6:      layout_basic, lemuel_crystal_altar, tgw_xom, uniq_pikel,
          uniq_eustachio

Skill      XL: |  1  2  3  4  5  6  7  8 |
---------------+-------------------------+-----
Stealth        | 5 6 7 8 10 | 10.3
Evocations     | 2 |  2.7
Fighting       | |  2.5
Short Blades   | |  2.9
Throwing       | |  2.0
Dodging        | |  1.0

Action                   |  1- 3 |  4- 6 |  7- 9 || total
-------------------------+-------+-------+-------++-------
Melee: Dagger            |    55 |   138 |   187 ||   380
Throw: Dart              |     8 |    23 |    46 ||    77
 Abil: Evoke Berserk Rag |       |       |     1 ||     1
  Use: Scroll            |       |     7 |     3 ||    10
       Potion            |       |     2 |     2 ||     4
 Stab: Sleeping          |     8 |     8 |     6 ||    22
  Eat: Chunk             |       |     7 |     5 ||    12
       Ration            |       |       |     2 ||     2
Armor: Robe              |     5 |    36 |    22 ||    63
       Animal skin       |       |       |    10 ||    10
Dodge: Dodged            |    31 |    87 |   153 ||   271

Table legend:
 A = Non-vault XP
 B = Vault XP
 C = Vault XP percentage of total XP
 D = Non-vault monster count
 E = Vault monster count
 F = Vault count percentage of total count
                 A         B        C        D         E       F
            +---------+---------+-------+---------+---------+-------
      Total |    1303 |     332 |  20.3 |      91 |       4 |   4.2
            +---------+---------+-------+---------+---------+-------
        D:1 |      26 |       0 |   0.0 |      16 |       0 |   0.0
        D:2 |      77 |       1 |   1.3 |      16 |       1 |   5.9
        D:3 |     467 |     264 |  36.1 |      24 |       2 |   7.7
        D:4 |     428 |      67 |  13.5 |      17 |       1 |   5.6
        D:5 |     177 |       0 |   0.0 |      15 |       0 |   0.0
        D:6 |     128 |       0 |   0.0 |       3 |       0 |   0.0
            +---------+---------+-------+---------+---------+-------
